Map: Zagubione Drogi ER

Players

IIIIIIIII

  • Race: Protoss Protoss
  • League: Master
  • Spawn Location: 7:00

Geralt (Gerald) - Winner!

  • Race: Protoss Protoss
  • League: Master
  • Spawn Location: 1:00

VOD

Have the link to the VOD?

Description

Time

  • Played on: May 17, 2018, 1:54 p.m.
  • Length: 12:13
Show
View Real Time Build Order
Export as new Build Order

IIIIIIIII Protoss 

Build Orders: Blink Stalkers, Zealot Archon 

Get SALT Encoding   

  12  0:00  Probe  
  13  0:12  Probe  
  14  0:17  Pylon  
  14  0:24  Probe  
  15  0:32  Probe  
  15  0:37  Gateway  
  15  0:40  Probe  
  16  0:46  Assimilator  
  17  0:50  Probe  
  17  0:54  Assimilator  
  18  0:58  Probe  
  19  1:06  Probe  
  20  1:13  Gateway  
  20  1:17  Probe  
  20  1:24  Cybernetics Core  
  21  1:29  Probe  
  22  1:36  Pylon  
  22  1:41  Probe  
  23  1:54  Probe  
  23  2:00  Stalker x2  
  28  2:01  Warp Gate  
  28  2:11  Pylon  
  28  2:31  Stalker x2  
  32  2:41  Twilight Council  
  31  2:57  Blink  
  31  2:58  Nexus  
  31  3:21  Shield Battery  
  31  3:24  Stalker  
  33  3:30  Stalker  
  35  3:45  Robotics Facility  
  35  3:50  Probe  
  36  4:01  Pylon  
  35  4:03  Probe  
  35  4:07  Probe  
  36  4:11  Stalker  
  36  4:12  Probe  
  36  4:15  Probe  
  36  4:16  Stalker  
  42  4:20  Probe  
  43  4:24  Probe  
  43  4:29  Probe  
  45  4:32  Observer  
  45  4:36  Probe  
  48  4:41  Probe  
  48  4:45  Adept x2  
  51  4:48  Probe  
  54  4:53  Probe  
  54  4:58  Pylon  
  55  5:00  Probe  
  55  5:05  Probe  
  55  5:06  Forge  
  57  5:08  Probe  
  57  5:09  Observer  
  59  5:16  Probe, Pylon  
  59  5:17  Probe  
  61  5:22  Assimilator  
  61  5:26  Assimilator  
  61  5:27  Protoss Ground Weapons Level 1, Probe  
  61  5:29  Probe  
  63  5:37  Adept x2  
  63  5:39  Probe  
  63  5:41  Probe  
  67  5:45  Observer  
  67  5:47  Pylon  
  66  5:51  Probe  
  66  5:52  Photon Cannon  
  66  5:54  Probe  
  66  6:03  Gateway, Probe  
  67  6:07  Pylon  
  67  6:10  Immortal  
  67  6:14  Gateway  
  67  6:16  Gateway  
  66  6:25  Charge  
  68  6:35  Gateway  
  68  6:36  Gateway  
  68  6:39  Templar Archives  
  68  6:40  Sentry  
  68  6:41  Sentry  
  72  6:48  Gateway  
  72  6:50  Immortal  
  76  7:05  Stalker x2  
  76  7:10  Stalker  
  78  7:22  Warp Prism  
  78  7:28  Nexus  
  80  7:37  Zealot x3  
  84  7:40  High Templar x2  
  84  7:44  Pylon  
  90  7:46  Archon  
  90  7:54  Zealot x2  
  94  8:10  Observer  
  94  8:14  Zealot x3  
  94  8:15  Pylon  
  94  8:25  Zealot x4  
  84  8:45  Zealot x3  
  80  8:49  Observer  
  76  8:58  Stalker x2  
  75  9:12  Stalker x4  
  81  9:17  Stalker  
  79  9:24  Stalker  
  74  9:38  Zealot x3  
  74  9:39  Zealot x2  
  74  9:41  Immortal  
  78  10:01  High Templar x3  
  78  10:05  Zealot x3, High Templar  
  92  10:12  Archon  
  92  10:13  Archon  
  92  10:17  Probe  
  92  10:18  Probe x2  
  92  10:20  Immortal  
  97  10:26  Probe x2  
  99  10:40  Stalker x3  
  101  10:45  Probe  
  101  10:46  Photon Cannon  
  101  10:48  Probe  
  101  10:49  Probe  
  98  10:53  Observer  
  98  10:55  Photon Cannon  
  98  10:58  Shield Battery, Probe  
  100  11:04  Stalker  
  100  11:06  Stalker  
  100  11:11  Stalker  
  106  11:13  Stalker  
  106  11:21  Zealot x2  
  102  11:34  Observer  
  102  11:36  Stalker x3  
  102  11:37  Stalker x2  
  102  11:39  Zealot  
  115  11:52  Zealot x2  
Show
View Real Time Build Order
Export as new Build Order

Geralt Protoss - Winner!

Build Orders: Blink Stalkers, Dark Templar Rush 

Get SALT Encoding   

  12  0:00  Probe  
  13  0:13  Probe  
  14  0:18  Pylon  
  14  0:23  Probe  
  15  0:32  Probe  
  15  0:38  Gateway  
  15  0:40  Probe  
  16  0:46  Assimilator  
  17  0:51  Probe  
  17  0:54  Assimilator  
  18  0:59  Probe  
  19  1:07  Probe  
  19  1:15  Gateway  
  19  1:18  Probe  
  21  1:26  Cybernetics Core  
  21  1:30  Probe  
  22  1:34  Pylon  
  22  1:42  Probe  
  23  1:54  Probe  
  24  2:04  Adept x2, Warp Gate  
  24  2:08  Probe  
  29  2:13  Pylon  
  29  2:20  Probe  
  30  2:27  Shield Battery  
  30  2:44  Nexus  
  30  2:47  Stalker, Twilight Council  
  29  2:52  Stalker  
  33  3:09  Shield Battery, Probe  
  34  3:13  Stalker  
  36  3:25  Probe  
  37  3:31  Blink  
  37  3:33  Dark Shrine  
  37  3:37  Probe  
  36  3:49  Probe  
  37  3:59  Probe  
  37  4:01  Probe  
  37  4:06  Robotics Facility  
  37  4:10  Shield Battery  
  37  4:11  Probe  
  37  4:16  Probe  
  39  4:20  Stalker  
  39  4:22  Stalker  
  43  4:24  Probe  
  43  4:28  Probe  
  45  4:32  Probe  
  46  4:40  Probe  
  46  4:41  Assimilator, Probe  
  48  4:48  Gateway  
  48  4:49  Stalker  
  48  4:52  Probe  
  51  4:53  Probe  
  51  4:54  Observer  
  53  5:04  Probe  
  53  5:05  Probe  
  54  5:07  Pylon  
  54  5:09  Pylon  
  54  5:14  Forge  
  54  5:18  Warp Prism  
  54  5:25  Probe x2  
  58  5:31  Stalker, Dark Templar  
  62  5:37  Probe  
  61  5:44  Probe  
  61  5:49  Protoss Ground Weapons Level 1  
  60  5:50  Immortal  
  60  5:58  Stalker  
  60  5:59  Probe  
  60  6:02  Probe  
  66  6:04  Assimilator  
  66  6:05  Stalker  
  66  6:06  Shield Battery  
  62  6:22  Stalker  
  62  6:23  Stalker  
  62  6:24  Probe  
  67  6:28  Gateway  
  67  6:30  Gateway x2  
  67  6:31  Probe  
  68  6:44  Nexus  
  68  6:51  Robotics Bay  
  69  6:54  Observer  
  69  6:57  Pylon  
  68  7:18  Dark Templar x2  
  68  7:19  Probe  
  73  7:25  Immortal  
  77  7:32  Probe  
  78  7:39  Pylon  
  78  7:53  Pylon  
  78  7:55  Probe x2  
  78  7:56  Pylon  
  78  8:06  Stalker x2  
  78  8:07  Stalker x4, Probe x2, Disruptor  
  91  8:24  Probe x2  
  85  8:33  Zealot x6  
  85  8:36  Probe  
  75  8:43  Disruptor  
  72  8:54  Zealot x5  
  75  9:24  Stalker x6  
  79  9:41  Disruptor  
  79  9:43  Nexus  
  78  10:00  Nexus  
  78  10:03  Zealot  
  78  10:05  Stalker  
  78  10:06  Probe  
  81  10:12  Zealot  
  81  10:17  Disruptor  
  82  10:30  Pylon  
  82  10:40  Stalker x2  
  85  10:48  Pylon  
  85  10:51  Probe  
  85  10:56  Probe  
  87  10:59  Gateway  
  87  11:02  Gateway  
  87  11:08  Gateway  
  87  11:09  Dark Templar x3  
  93  11:16  Dark Templar  
  95  11:21  Probe  
  93  11:53  Dark Templar x5  
  93  11:54  Dark Templar  
Tags
 
Add a new tag
Caveats
  • Supply blocks, unpowered buildings, or Contaminate may cause inaccurate times.
  • Supply counts are checked every 10 seconds.